TOP OF THE 1ST |
Villanova Wildcats batting - Pitching for UCLA Bruins : RHP Bill Bowen
|
Pitching: RHP Bill Bowen
|
|
Batting: RHB Juan Romero
|
0-0: Fly out, F9 (Flyball, 9LS)
|
Batting: SHB Will Combs
|
0-0: Ball 1-0: Called Strike 1-1: Ball 2-1: Called Strike 2-2: Ball 3-2: Strikes out swinging
|
Batting: RHB Robbie Anderson
|
0-0: Swinging Strike 0-1: Foul Ball, location: 2F 0-2: Ball 1-2: SINGLE (Groundball, 6MD)
|
Batting: RHB Steve Smith
|
0-0: Ball 1-0: Ball 2-0: Called Strike 2-1: Fly out, F8 (Flyball, 8RM)
|
Top of the 1st over - 0 run(s), 1 hit(s), 0 error(s), 1 left on base; Villanova 0 - UCLA 0 |
BOTTOM OF THE 1ST |
UCLA Bruins batting - Pitching for Villanova Wildcats : RHP Kade Brown
|
Pitching: RHP Kade Brown
|
|
Batting: LHB Tim Griffith
|
0-0: Ball 1-0: Called Strike 1-1: Ball 2-1: Ball 3-1: Base on Balls
|
Batting: RHB Ricardo Murillo
|
0-0: Called Strike 0-1: Ball 1-1: Foul Ball, location: 2F 1-2: Foul Ball, location: 2F 1-2: Strikes out swinging
|
Batting: RHB Chad Walter
|
0-0: Swinging Strike 0-1: Ball 1-1: Ball 2-1: Ball 3-1: Called Strike 3-2: Foul Ball, location: 2F 3-2: Foul Ball, location: 2F 3-2: Grounds into double play, 6-4-3 (Groundball, 6)
|
Bottom of the 1st over - 0 run(s), 0 hit(s), 0 error(s), 0 left on base; Villanova 0 - UCLA 0 |
TOP OF THE 2ND |
Villanova Wildcats batting - Pitching for UCLA Bruins : RHP Bill Bowen
|
Batting: RHB Michael Boulanger
|
0-0: Called Strike 0-1: Called Strike 0-2: Strikes out swinging
|
Batting: RHB Martín Flores
|
0-0: Ball 1-0: Ball 2-0: Foul Ball, location: 2F 2-1: Swinging Strike 2-2: Ball 3-2: Strikes out swinging
|
Batting: RHB Heath Hall
|
0-0: Ball 1-0: Called Strike 1-1: Ball 2-1: Foul Ball, location: 2F 2-2: Foul Ball, location: 2F 2-2: Strikes out swinging passed ball, reaches first!
|
Batting: RHB Jason Smith
|
0-0: Ball 1-0: Ball Wild Pitch! Heath Hall to second 2-0: Called Strike 2-1: Ball 3-1: SINGLE (Groundball, 56D) Heath Hall to third Runner from 3rd tries for Home, SAFE, no throw
|
Batting: RHB Reynaldo Gómez
|
0-0: Ball 1-0: Fly out, F3 (Popup, 3L)
|
Top of the 2nd over - 1 run(s), 1 hit(s), 0 error(s), 1 left on base; Villanova 1 - UCLA 0 |
BOTTOM OF THE 2ND |
UCLA Bruins batting - Pitching for Villanova Wildcats : RHP Kade Brown
|
Batting: RHB Kevin Cochrane
|
0-0: Called Strike 0-1: Ball 1-1: Ball 2-1: Ball 3-1: Base on Balls
|
Batting: LHB Edward Norton
|
0-0: Ball 1-0: Ball 2-0: Called Strike 2-1: Called Strike 2-2: Ball 3-2: Strikes out looking
|
Batting: RHB Joel Hebert
|
0-0: Called Strike 0-1: Ball 1-1: Foul Ball, location: 2F 1-2: Strikes out swinging
|
Batting: RHB John Pineau
|
0-0: Called Strike 0-1: Ball 1-1: Ball 2-1: Fielders Choice at 2nd, 4-6 (Groundball, 4)
|
Bottom of the 2nd over - 0 run(s), 0 hit(s), 0 error(s), 0 left on base; Villanova 1 - UCLA 0 |
TOP OF THE 3RD |
Villanova Wildcats batting - Pitching for UCLA Bruins : RHP Bill Bowen
|
Batting: RHB Juan Romero
|
0-0: Called Strike 0-1: Swinging Strike 0-2: Ball 1-2: Foul Ball, location: 2F 1-2: Ball 2-2: Strikes out swinging
|
Batting: SHB Will Combs
|
0-0: Ball 1-0: Swinging Strike 1-1: Ball 2-1: Ground out U3 (Groundball, 34)
|
Batting: RHB Robbie Anderson
|
0-0: Ball 1-0: Ball 2-0: Foul Ball, location: 2F 2-1: Ball 3-1: Fly out, F9 (Flyball, 9)
|
Top of the 3rd over - 0 run(s), 0 hit(s), 0 error(s), 0 left on base; Villanova 1 - UCLA 0 |
BOTTOM OF THE 3RD |
UCLA Bruins batting - Pitching for Villanova Wildcats : RHP Kade Brown
|
Batting: RHB Larry Hernández
|
0-0: Ground out 5-3 (Groundball, 5)
|
Batting: LHB Manny Kennedy
|
0-0: Called Strike 0-1: Ball 1-1: SINGLE (Groundball, 56D)
|
Batting: LHB Tim Griffith
|
0-0: SINGLE (Groundball, 6D) Manny Kennedy to second
|
Batting: RHB Ricardo Murillo
|
0-0: Called Strike 0-1: Ball 1-1: Ball 2-1: Called Strike 2-2: Ground out 6-3 (Groundball, 6S) Manny Kennedy to third Tim Griffith to second
|
Batting: RHB Chad Walter
|
0-0: Ball 1-0: Ball 2-0: Swinging Strike 2-1: Swinging Strike 2-2: Strikes out swinging
|
Bottom of the 3rd over - 0 run(s), 2 hit(s), 0 error(s), 2 left on base; Villanova 1 - UCLA 0 |
TOP OF THE 4TH |
Villanova Wildcats batting - Pitching for UCLA Bruins : RHP Bill Bowen
|
Batting: RHB Steve Smith
|
0-0: Foul Ball, location: 2F 0-1: Ball 1-1: Foul Ball, location: 2F 1-2: Foul Ball, location: 2F 1-2: Ball 2-2: Strikes out looking
|
Batting: RHB Michael Boulanger
|
0-0: Called Strike 0-1: Ball 1-1: Ball 2-1: Foul Ball, location: 2F 2-2: Foul Ball, location: 2F 2-2: Strikes out looking
|
Batting: RHB Martín Flores
|
0-0: Ball 1-0: Ball 2-0: Foul Ball, location: 2F 2-1: Ball 3-1: Base on Balls
|
Batting: RHB Heath Hall
|
0-0: SINGLE (Groundball, 56D) Martín Flores to second
|
Batting: RHB Jason Smith
|
0-0: DOUBLE (Line Drive, 89S) Martín Flores scores Heath Hall to third Runner from 3rd tries for Home, SAFE, no throw
|
Batting: RHB Reynaldo Gómez
|
0-0: Called Strike 0-1: Ball 1-1: Swinging Strike 1-2: Foul Ball, location: 2F 1-2: Ball 2-2: SINGLE (Flyball, 8LS) Jason Smith to third Runner from 3rd tries for Home, SAFE, no throw
|
Batting: RHB Juan Romero
|
0-0: Called Strike 0-1: Foul Ball, location: 2F 0-2: Foul Ball, location: 2F 0-2: Ground out 4-3 (Groundball, 4S)
|
Top of the 4th over - 3 run(s), 3 hit(s), 0 error(s), 1 left on base; Villanova 4 - UCLA 0 |
BOTTOM OF THE 4TH |
UCLA Bruins batting - Pitching for Villanova Wildcats : RHP Kade Brown
|
Batting: RHB Kevin Cochrane
|
0-0: Ball 1-0: Called Strike 1-1: Ball 2-1: Ball 3-1: Foul Ball, location: 2F 3-2: SOLO HOME RUN (Flyball, 7D), Distance : 344 ft
|
Batting: LHB Edward Norton
|
0-0: Ball 1-0: Ball 2-0: Ball 3-0: Swinging Strike 3-1: Foul Ball, location: 2F 3-2: Strikes out looking
|
Batting: RHB Joel Hebert
|
0-0: Ball 1-0: Called Strike 1-1: Ball 2-1: SINGLE (Groundball, 6MD)
|
Batting: RHB John Pineau
|
0-0: Called Strike 0-1: Foul Ball, location: 2F 0-2: Ball 1-2: Strikes out swinging
|
Batting: RHB Larry Hernández
|
0-0: Ground out 6-3 (Groundball, 56)
|
Bottom of the 4th over - 1 run(s), 2 hit(s), 0 error(s), 1 left on base; Villanova 4 - UCLA 1 |
TOP OF THE 5TH |
Villanova Wildcats batting - Pitching for UCLA Bruins : RHP Bill Bowen
|
Pitching: RHP Joe Byrd
|
|
Batting: SHB Will Combs
|
0-0: Ball 1-0: Ball 2-0: Ball 3-0: Called Strike 3-1: Base on Balls
|
Batting: RHB Robbie Anderson
|
0-0: Called Strike 0-1: Swinging Strike 0-2: Fly out, F8 (Flyball, 8RS)
|
Batting: RHB Steve Smith
|
0-0: Foul Ball, location: 2F 0-1: Ball Wild Pitch! Will Combs to second 1-1: Ball 2-1: Ball 3-1: Foul Ball, location: 2F 3-2: Foul Ball, location: 2F 3-2: 2-RUN HOME RUN (Flyball, 78XD), Distance : 377 ft
|
Batting: RHB Michael Boulanger
|
0-0: Called Strike 0-1: Foul Ball, location: 2F 0-2: Ball 1-2: Ball 2-2: Strikes out looking
|
Batting: RHB Martín Flores
|
0-0: Ball 1-0: Ball 2-0: Ground out 6-3 (Groundball, 6)
|
Top of the 5th over - 2 run(s), 1 hit(s), 0 error(s), 0 left on base; Villanova 6 - UCLA 1 |
BOTTOM OF THE 5TH |
UCLA Bruins batting - Pitching for Villanova Wildcats : RHP Kade Brown
|
Batting: LHB Manny Kennedy
|
0-0: DOUBLE (Flyball, 7LM)
|
Batting: LHB Tim Griffith
|
0-0: Called Strike 0-1: Fly out, F7 (Line Drive, 7)
|
Batting: RHB Ricardo Murillo
|
0-0: Called Strike 0-1: Swinging Strike 0-2: Ball 1-2: Ball 2-2: Foul Ball, location: 2F 2-2: Ball 3-2: SINGLE (Line Drive, 7LS) Manny Kennedy to third
|
Pitching: RHP Everett Cunningham
|
|
Batting: RHB Chad Walter
|
0-0: Ball 1-0: Ball 2-0: Fly out, F8 (Flyball, 8LM) Runner from 3rd tags up, SCORES, throw made
|
Batting: RHB Kevin Cochrane
|
0-0: Ball Ricardo Murillo steals 2nd base 1-0: Ball 2-0: Ball 3-0: Called Strike 3-1: Base on Balls
|
Batting: LHB Edward Norton
|
0-0: Fly out, F7 (Line Drive, 78M)
|
Bottom of the 5th over - 1 run(s), 2 hit(s), 0 error(s), 2 left on base; Villanova 6 - UCLA 2 |
TOP OF THE 6TH |
Villanova Wildcats batting - Pitching for UCLA Bruins : RHP Joe Byrd
|
Pitching: RHP Scott Roe
|
|
Batting: RHB Heath Hall
|
0-0: Ball 1-0: Ground out 5-3 (Groundball, 56)
|
Batting: RHB Jason Smith
|
0-0: Ball 1-0: Fly out, F9 (Flyball, 9)
|
Batting: RHB Reynaldo Gómez
|
0-0: Foul Ball, location: 2F 0-1: Called Strike 0-2: Ball 1-2: Fly out, F7 (Flyball, 7)
|
Top of the 6th over - 0 run(s), 0 hit(s), 0 error(s), 0 left on base; Villanova 6 - UCLA 2 |
BOTTOM OF THE 6TH |
UCLA Bruins batting - Pitching for Villanova Wildcats : RHP Everett Cunningham
|
Batting: RHB Joel Hebert
|
0-0: Ball 1-0: Swinging Strike 1-1: Ground out 5-3 (Groundball, 5S)
|
Batting: RHB John Pineau
|
0-0: Ball 1-0: Ball 2-0: Ground out 6-3 (Groundball, 56)
|
Batting: RHB Larry Hernández
|
0-0: Ball 1-0: Ball 2-0: Ball 3-0: Base on Balls
|
Batting: LHB Manny Kennedy
|
0-0: Foul Ball, location: 2F 0-1: Ball 1-1: Ball 2-1: Ball 3-1: Ground out U3 (Groundball, 3S)
|
Bottom of the 6th over - 0 run(s), 0 hit(s), 0 error(s), 1 left on base; Villanova 6 - UCLA 2 |
TOP OF THE 7TH |
Villanova Wildcats batting - Pitching for UCLA Bruins : RHP Scott Roe
|
Batting: RHB Juan Romero
|
0-0: Ball 1-0: Foul Ball, location: 2F 1-1: Fly out, F8 (Flyball, 8LM)
|
Batting: SHB Will Combs
|
0-0: Ball 1-0: Ball 2-0: Swinging Strike 2-1: Swinging Strike 2-2: Foul Ball, location: 2F 2-2: Strikes out swinging
|
Batting: RHB Robbie Anderson
|
0-0: Foul Ball, location: 2F 0-1: Called Strike 0-2: Ball 1-2: Ball 2-2: Ball 3-2: Base on Balls
|
Batting: RHB Steve Smith
|
0-0: Ball 1-0: Called Strike 1-1: Ball 2-1: Ball 3-1: Base on Balls Robbie Anderson to second
|
Batting: RHB Michael Boulanger
|
0-0: Ball 1-0: Ball 2-0: Ball 3-0: Called Strike 3-1: Fly out, F9 (Flyball, 89S)
|
Top of the 7th over - 0 run(s), 0 hit(s), 0 error(s), 2 left on base; Villanova 6 - UCLA 2 |
BOTTOM OF THE 7TH |
UCLA Bruins batting - Pitching for Villanova Wildcats : RHP Everett Cunningham
|
Batting: LHB Tim Griffith
|
0-0: Called Strike 0-1: Ball 1-1: Foul Ball, location: 2F 1-2: Fly out, F2 (Popup, 13S)
|
Batting: RHB Ricardo Murillo
|
0-0: Foul Ball, location: 2F 0-1: Ball 1-1: Swinging Strike 1-2: Ball 2-2: Strikes out looking
|
Batting: RHB Chad Walter
|
0-0: Ball 1-0: Called Strike 1-1: Ball 2-1: Swinging Strike 2-2: Ball 3-2: Strikes out looking
|
Bottom of the 7th over - 0 run(s), 0 hit(s), 0 error(s), 0 left on base; Villanova 6 - UCLA 2 |
TOP OF THE 8TH |
Villanova Wildcats batting - Pitching for UCLA Bruins : RHP Scott Roe
|
Batting: RHB Martín Flores
|
0-0: Fly out, F7 (Flyball, 7LM)
|
Batting: RHB Heath Hall
|
0-0: Swinging Strike 0-1: Called Strike 0-2: Strikes out looking
|
Batting: RHB Jason Smith
|
0-0: Foul Ball, location: 2F 0-1: Fly out, F3 (Line Drive, 3S)
|
Top of the 8th over - 0 run(s), 0 hit(s), 0 error(s), 0 left on base; Villanova 6 - UCLA 2 |
BOTTOM OF THE 8TH |
UCLA Bruins batting - Pitching for Villanova Wildcats : RHP Everett Cunningham
|
Batting: RHB Kevin Cochrane
|
0-0: Ball 1-0: SINGLE (Line Drive, 8RS)
|
Batting: LHB Edward Norton
|
0-0: 2-RUN HOME RUN (Flyball, 8LXD), Distance : 402 ft
|
Batting: RHB Joel Hebert
|
0-0: Ground out 4-3 (Groundball, 34D)
|
Batting: RHB John Pineau
|
0-0: Foul Ball, location: 2F 0-1: Ball 1-1: Ball 2-1: SOLO HOME RUN (Flyball, 7D), Distance : 351 ft
|
Pitching: RHP Felipe Pacheco
|
|
Batting: RHB Larry Hernández
|
0-0: Called Strike 0-1: Ball 1-1: Foul Ball, location: 2F 1-2: Foul Ball, location: 2F 1-2: Ball 2-2: Foul Ball, location: 2F 2-2: Foul Ball, location: 2F 2-2: Ball 3-2: Ground out 6-3 (Groundball, 6)
|
Pitching: LHP Tom Simms
|
|
Batting: LHB Manny Kennedy
|
0-0: Ball 1-0: Called Strike 1-1: Ground out 3-1 (Groundball, 34S)
|
Bottom of the 8th over - 3 run(s), 3 hit(s), 0 error(s), 0 left on base; Villanova 6 - UCLA 5 |
TOP OF THE 9TH |
Villanova Wildcats batting - Pitching for UCLA Bruins : RHP Scott Roe
|
Pitching: RHP Steve Webb
|
|
Batting: RHB Reynaldo Gómez
|
0-0: SINGLE (Line Drive, 34D)
|
Batting: RHB Juan Romero
|
0-0: Bunted foul 0-1: Bunt - Flyout! F2
|
Batting: SHB Will Combs
|
0-0: Ball 1-0: Foul Ball, location: 2F 1-1: Ball 2-1: Ball 3-1: Base on Balls Reynaldo Gómez to second
|
Batting: RHB Robbie Anderson
|
0-0: Fly out, F9 (Flyball, 89M)
|
Batting: RHB Steve Smith
|
0-0: Foul Ball, location: 2F 0-1: Ball 1-1: Ball 2-1: Ball 3-1: Base on Balls Reynaldo Gómez to third Will Combs to second
|
Batting: RHB Michael Boulanger
|
0-0: Foul Ball, location: 2F 0-1: Ball 1-1: Called Strike 1-2: Foul Ball, location: 2F 1-2: Ball 2-2: Strikes out swinging
|
Top of the 9th over - 0 run(s), 1 hit(s), 0 error(s), 3 left on base; Villanova 6 - UCLA 5 |
BOTTOM OF THE 9TH |
UCLA Bruins batting - Pitching for Villanova Wildcats : LHP Tom Simms
|
Pitching: RHP Norm Sweetland
|
|
Batting: LHB Tim Griffith
|
0-0: Called Strike 0-1: SINGLE (Line Drive, 4D)
|
Batting: RHB Ricardo Murillo
|
0-0: Fly out, F6 (Line Drive, 6MD)
|
Pinch Hitting: RHB José Soto
|
0-0: Ball 1-0: SINGLE (Groundball, 56D) Tim Griffith to second
|
Batting: RHB Kevin Cochrane
|
0-0: SINGLE (Line Drive, 8LS) Tim Griffith to third José Soto to second
|
Batting: LHB Edward Norton
|
0-0: Foul Ball, location: 2F 0-1: Swinging Strike 0-2: Ball 1-2: Foul Ball, location: 2F 1-2: Strikes out looking
|
Batting: RHB Joel Hebert
|
0-0: Ball 1-0: Called Strike 1-1: Ground out 1-3 (Groundball, 15S)
|
Bottom of the 9th over - 0 run(s), 3 hit(s), 0 error(s), 3 left on base; Villanova 6 - UCLA 5 |
|